 Dungeon Crawl Stone Soup version 0.28.0-49-g6dfe1f597d (webtiles) character file.

Game seed: 11540752028886272550

87 Zeld the Gusty (level 4, 0/26 HPs)
             Began as a Tengu Air Elementalist on May 17, 2022.
             Slain by a water moccasin (7 damage)
             ... on level 3 of the Dungeon on May 18, 2022.
             The game lasted 00:03:47 (2790 turns).

Zeld the Gusty (Tengu Air Elementalist)             Turns: 2790, Time: 00:03:48

Health: 0/26       AC:  2    Str:  8    XL:     4   Next: 51%
Magic:  4/9        EV: 12    Int: 18    God:
Gold:   19         SH:  0    Dex: 14    Spells: 2/8 levels left

rFire   . . .      SeeInvis .   (no weapon)
rCold   . . .      Faith    .   (no shield)
rNeg    . . .      Spirit   .   a - +0 robe
rPois   .          Reflect  .   (helmet restricted)
rElec   .          Harm     .   (no cloak)
rCorr   .          Rampage  .   (no gloves)
Will    .....                   (boots unavailable)
Stlth   ++........              g - amulet of magic regeneration
HPRegen 0.08/turn               (no ring)
MPRegen 0.51/turn               (no ring)

@: lethally poisoned (0 -> -18), very slightly contaminated
A: beak, talons 3
a: no special abilities


You were on level 3 of the Dungeon.
You visited 1 branch of the dungeon, and saw 3 of its levels.

You collected 129 gold pieces.
You spent 110 gold pieces at shops.

Inventory:

Armour
 a - a +0 robe (worn)
Jewellery
 g - an amulet of magic regeneration (around neck)
Wands
 h - a wand of flame (12)
Scrolls
 b - 2 scrolls of identify {unknown}
 i - a scroll of vulnerability {unknown}
Potions
 c - 2 potions of resistance {unknown}
 d - a potion of lignification {unknown}
 e - 4 potions of curing {unknown}
 f - a potion of might {unknown}


   Skills:
 * Level 1.9 Fighting
 - Level 2.1 Dodging
 + Level 2.5 Stealth
 * Level 2.7 Spellcasting
 - Level 2.0 Conjurations
 * Level 4.8 Air Magic


You had 2 spell levels left.
You knew the following spells:

 Your Spells              Type           Power      Damage    Failure   Level
a - Shock                 Conj/Air       56%        1d6       4%          1
b - Static Discharge      Conj/Air       14%        N/A       6%          2
c - Swiftness             Air            19%        N/A       7%          3

Your spell library contained the following spells:

 Spells                   Type           Power      Damage    Failure   Level
 Airstrike                Air            9%         N/A       22%         4
 Dazzling Flash           Conj/Hex       12%        N/A       32%         3
 Silence                  Hex/Air        5%         N/A       86%         5
 Agony                    Necr           2%         N/A       99%         5


Dungeon Overview and Level Annotations

Branches:
Dungeon (3/15)

Altars:
Qazlal

Shops:
D:2 *


Innate Abilities, Weirdness & Mutations

You have a beak for a mouth.
You have claws for feet.


Message History

A water moccasin comes into view.
The water moccasin hisses angrily.
A frilled lizard comes into view.
There are monsters nearby!
There are monsters nearby!
Casting: Shock (safe; 4% risk of failure)
Confirm with . or Enter, or press ? or * to list all spells.
Aiming: Shock (safe; 4% risk of failure)
Press: ? - help, Shift-Dir - straight line, f - water moccasin
Aim: a water moccasin (53% to hit)
Okay, then.
Casting: Shock (safe; 4% risk of failure)
Confirm with . or Enter, or press ? or * to list all spells.
Aiming: Shock (safe; 4% risk of failure)
Press: ? - help, Shift-Dir - straight line, f - water moccasin
Aim: a water moccasin (53% to hit)
The zap misses the water moccasin.
Casting: Shock (safe; 4% risk of failure)
Confirm with . or Enter, or press ? or * to list all spells.
You miscast Static Discharge.
You are very lightly contaminated with residual magic.
Nothing appears to happen.
The water moccasin bites you!
You are poisoned.
The water moccasin poisons you!
Casting: Static Discharge (safe; 6% risk of failure)
Confirm with . or Enter, or press ? or * to list all spells.
The water moccasin is struck by an arc of lightning.
The water moccasin is lightly wounded.
You are struck by an arc of lightning.
The lightning grounds out.
You feel very sick. The water moccasin closely misses you.
The water moccasin bites you.
You are lethally poisoned!
The water moccasin poisons you!
Casting: Static Discharge (safe; 6% risk of failure)
Confirm with . or Enter, or press ? or * to list all spells.
You miscast Static Discharge.
Nothing appears to happen.
* * * LOW HITPOINT WARNING * * *
You feel very sick. The water moccasin bites you!
You die...

.....# .#
......##.#
...S.....
..l.....#.#
#.#.# #.#.#
#.#.# #S#.#
#@#.# #.#.#
♣♣..# ≈♣
♣♣♣♣.#
≈≈P♣P♣♣.#
≈≈≈≈≈≈≈..#
..≈PP♣≈P.#
.≈♣♣♣♣♣♣.#
♣≈≈ ♣....#


You could see a water moccasin.

Vanquished Creatures
  3 adders (D:2)
  2 dart slugs
  5 endoplasms
  5 giant cockroaches
  4 goblins
  4 hobgoblins
  6 jackals (D:1)
  4 kobolds
  7 ball pythons
  5 bats
  3 frilled lizards
  3 rats
51 creatures vanquished.

Notes
Turn   | Place    | Note
-------+----------+-------------------------------------------
     0 | D:1      | Zeld the Tengu Air Elementalist began the quest for the
                  | Orb.
     0 | D:1      | Reached XP level 1. HP: 10/10 MP: 4/4
   310 | D:1      | Reached XP level 2. HP: 16/16 MP: 1/6
   715 | D:1      | Learned a level 2 spell: Static Discharge
   719 | D:1      | Reached skill level 1 in Fighting
  1005 | D:1      | Reached XP level 3. HP: 20/20 MP: 3/7
  1009 | D:1      | Learned a level 3 spell: Swiftness
  1598 | D:2      | Reached XP level 4. HP: 25/25 MP: 2/8
  1801 | D:2      | Found Uceetu's Assorted Antiques.
  1807 | D:2      | Bought a scroll labelled RIPHITSENI for 22 gold pieces
  2142 | D:2      | Found a stormy altar of Qazlal.
  2440 | D:2      | Found a faded altar of an unknown god.
  2451 | D:2      | Bought a twisted bone wand for 88 gold pieces
  2782 | D:3      | Noticed a water moccasin
  2790 | D:3      | Slain by a water moccasin

Illustrated notes

Levels and vault maps discovered:
D:1:      dpeg_arrival_stonehenge_8_columns, layout_basic, serial_bayou_lake_a
D:2:      layout_loops_ring, basic_altar, serial_shops, shop_fountains,
          ebering_ecumenical_altar_mist
D:3:      layout_basic, mainiacjoe_overflow_alcove_1, serial_bayou_crossing

Skill      XL: |  1  2  3 |
---------------+----------+-----
Fighting       | 1 |  1.9
Conjurations   | 2 |  2.0
Dodging        | |  2.1
Stealth        | |  2.5
Spellcasting   | |  2.7
Air Magic      | |  4.8

Action                   |  1- 3 |  4- 6 || total
-------------------------+-------+-------++-------
Melee: Unarmed           |     9 |     4 ||    13
       Peck              |     3 |       ||     3
       Kick              |     1 |     1 ||     2
 Cast: Shock             |    58 |    49 ||   107
       Static Discharge  |       |     1 ||     1
Armor: Robe              |     4 |     2 ||     6
Dodge: Dodged            |    10 |     7 ||    17
